 Dungeon Crawl Stone Soup version 0.29.1-4-g47bece8355 (webtiles) character file.

Game seed: 12023710013222839526

812 venomsnake the Chopper (level 7, -14/63 HPs)
             Began as a Minotaur Berserker on Dec 9, 2022.
             Was a Believer of Trog.
             Demolished by an ogre
             ... wielding a +0 giant club
              (28 damage)
             ... on level 4 of the Dungeon.
             The game lasted 00:11:59 (4546 turns).

venomsnake the Chopper (Minotaur Berserker)         Turns: 4546, Time: 00:12:00

Health: -14/63     AC: 13    Str: 23    XL:     7   Next: 61%
Magic:  6/6        EV:  6    Int:  4    God:    Trog [**....]
Gold:   219        SH:  7    Dex: 10    Spells: 6/6 levels left

rFire   . . .      SeeInvis .   u - +0 war axe
rCold   + . .      Faith    .   c - +0 kite shield
rNeg    . . .      Spirit   .   d - +0 plate armour
rPois   .          Reflect  .   (helmet restricted)
rElec   .          Harm     .   m - +0 cloak
rCorr   .          Rampage  .   (no gloves)
Will    .....                   (no boots)
Stlth   ..........              (no amulet)
HPRegen 0.20/turn               h - ring of protection from cold
MPRegen 0.10/turn               (no ring)

@: no status effects
A: horns 2, retaliatory headbutt
a: Renounce Religion, Berserk, Trog's Hand


You were on level 4 of the Dungeon.
You worshipped Trog.
Trog was pleased with you.
You visited 1 branch of the dungeon, and saw 5 of its levels.

You collected 219 gold pieces.

Inventory:

Hand Weapons
 u - a +0 war axe (weapon)
Missiles
 o - 37 stones (quivered)
Armour
 c - a +0 kite shield (worn)
 d - a +0 plate armour (worn)
 m - a +0 cloak (worn)
Jewellery
 h - a ring of protection from cold (left hand)
Scrolls
 a - 2 scrolls of noise {unknown}
 b - 3 scrolls of immolation
 e - a scroll of poison {unknown}
 i - 4 scrolls of identify {unknown}
 j - 3 scrolls of teleportation
 l - a scroll of blinking {unknown}
 n - 2 scrolls of enchant weapon {unknown}
 q - a scroll of amnesia {unknown}
Potions
 f - a potion of magic {unknown}
 g - 4 potions of might {unknown}
 k - 2 potions of curing {unknown}
 p - 2 potions of ambrosia {unknown}
 r - 2 potions of lignification {unknown}
 s - a potion of resistance {unknown}
 t - 2 potions of brilliance {unknown}
 v - a potion of cancellation {unknown}


   Skills:
 + Level 6.0 Fighting
 + Level 6.0 Axes
 + Level 5.4 Armour
 + Level 5.0 Dodging
 + Level 1.7 Shields
 + Level 1.3 Evocations


You had 6 spell levels left.
You didn't know any spells.
Your spell library was empty.

Dungeon Overview and Level Annotations

Branches:
Dungeon (5/15)             Temple (0/1) D:4

Altars:

Shops:
D:3 =(

Annotations:
D:5 Eustachio, Pikel


Innate Abilities, Weirdness & Mutations

You have a pair of horns on your head.
You reflexively headbutt those who attack you in melee.


Message History

Your Fighting skill increases to level 6!
Your Axes skill increases to level 6!
Your Dodging skill increases to level 5!
You start resting.
You feel a strong urge to attack something.
You start resting.
You feel your anger nearly subside.
You start resting.
You are no longer berserk.
You are exhausted.
You feel yourself slow down.
You start resting.
You feel yourself speed up.
You start resting.
You recover from your berserk rage.
You start resting.
HP restored.
You start waiting.
Done waiting.
You climb downwards.
Level annotation: Eustachio, Pikel The lemure hits you. x2; The ogre hits you with a +0 giant club.
The lemure hits you. x2
There is a stone staircase leading up, spattered with blood here.
The ogre hits you with a +0 giant club! The lemure hits you but does no damage.
The lemure hits you.
You climb upwards.
There is a stone staircase leading down, spattered with blood here.
You barely miss the ogre. You hit the lemure but do no damage.
You barely miss the lemure. The lemure barely misses you.
You furiously retaliate!
You headbutt the lemure. The lemure hits you but does no damage.
The ogre hits you with a +0 giant club!!
* * * LOW HITPOINT WARNING * * *
You slash the ogre! Your headbutt misses the ogre.
The ogre is heavily wounded.
You barely miss the lemure. You hit the lemure but do no damage.
The lemure hits you but does no damage. You block the lemure's attack.
The ogre hits you with a +0 giant club!!
You die...

############### #.............#
##### #.###########.#
####...### #.# #.......#.#
##........# #.# #.###)..#.#
..........# #.# #....<....#
##).......#######5#######.#####
..)).....[.....5@O............#
################.############.#
..........#..........#......#.#
#########.#.####.###.#.####.#.#
#.#.####'###.#.#....#.#
#########.#..........#.#.#..#.#
#.........#..........#.#.#..#.#
#.#########..........#.#.#..#.#
#.#.(.....#..........#.#...<#.#


You could see an ogre and 2 lemures.

Vanquished Creatures
  Grinder (D:4)
  Sigmund (D:4)
  Edmund (D:4)
  An ogre (D:4)
  An orc priest (D:4)
  A jelly (D:4)
  A hound (D:5)
  2 adders (D:2)
  4 gnolls (D:4)
  2 worms
  2 dart slugs (D:3)
  7 orcs (D:4)
  5 bats
  5 endoplasms
  3 giant cockroaches (D:1)
  9 hobgoblins
  9 jackals
  5 quokkas
  4 ball pythons
  A frilled lizard (D:1)
  A goblin (D:1)
  7 kobolds
  3 rats
76 creatures vanquished.

Notes
Turn   | Place    | Note
-------+----------+-------------------------------------------
     0 | D:1      | venomsnake the Minotaur Berserker began the quest for the
                  | Orb.
     0 | D:1      | Reached XP level 1. HP: 19/19 MP: 0/0
    88 | D:1      | Reached XP level 2. HP: 15/27 MP: 1/1
   214 | D:1      | Found a faded altar of an unknown god.
   748 | D:1      | Reached XP level 3. HP: 27/33 MP: 2/2
   867 | D:1      | Reached ** piety under Trog
  1565 | D:2      | Identified the +7 dagger of the Mauling Eel {vorpal, rCorr}
  1872 | D:3      | Reached XP level 4. HP: 40/40 MP: 3/3
  1885 | D:3      | Found Iricw's Jewellery Shoppe.
  2006 | D:3      | Found Leezeo's Antique Weapon Shop.
  2811 | D:4      | Noticed Edmund
  2818 | D:4      | Reached XP level 5. HP: 47/47 MP: 4/4
  2841 | D:4      | Killed Edmund
  2842 | D:4      | Reached skill level 5 in Fighting
  2842 | D:4      | Reached skill level 5 in Axes
  2842 | D:4      | Reached XP level 6. HP: 25/56 MP: 5/5
  3063 | D:4      | Found a staircase to the Ecumenical Temple.
  3685 | D:4      | Identified the +6 mace "Ninkaz" {spect, Int+3}
  3780 | D:4      | Noticed Sigmund
  3787 | D:4      | Killed Sigmund
  3846 | D:4      | Reached skill level 5 in Armour
  4020 | D:4      | Noticed Grinder
  4027 | D:4      | Paralysed by Grinder for 5 turns
  4036 | D:4      | Killed Grinder
  4037 | D:4      | Reached skill level 1 in Shields
  4037 | D:4      | Reached XP level 7. HP: 45/62 MP: 6/6
  4122 | D:5      | Entered Level 5 of the Dungeon
  4133 | D:5      | Reached skill level 1 in Evocations
  4133 | D:5      | Noticed Eustachio
  4133 | D:5      | Noticed Pikel
  4149 | D:4      | HP: 3/62 [ogre/+0 giant club (23)]
  4152 | D:4      | Reached skill level 5 in Dodging
  4546 | D:4      | Demolished by an ogre

Illustrated notes

Levels and vault maps discovered:
D:1:      moated_graveyard_arrival, layout_loops_ring,
          hellmonk_ecumenical_altar_blasted, minmay_tall_x
D:2:      layout_basic
D:3:      layout_loops_ring, serial_shops, nicolae_square_shop, shop,
          minivault_4, st_stairs_1, grunt_ministairs_3, minmay_misc_feat_x
D:4:      layout_basic, minmay_temple_entry_from_below_a, uniq_sigmund,
          uniq_grinder, uniq_edmund
D:5:      layout_cave_pods, uniq_eustachio, uniq_pikel

Skill      XL: |  1  2  3  4  5  6  7 |
---------------+----------------------+-----
Fighting       | 4 5 6 |  6.0
Axes           | 4 5 6 |  6.0
Armour         | 3 4 5 |  5.4
Dodging        | 3 4 5 |  5.0
Shields        | 1 |  1.7
Evocations     | 1 |  1.3

Action                   |  1- 3 |  4- 6 |  7- 9 || total
-------------------------+-------+-------+-------++-------
Melee: Hand axe          |    94 |    62 |       ||   156
       Headbutt          |     8 |    15 |     1 ||    24
       War axe           |       |    35 |     7 ||    42
Invok: Berserk           |       |     1 |     1 ||     2
       Trog's Hand       |       |     1 |       ||     1
  Use: Scroll            |       |     1 |       ||     1
Armor: Plate armour      |    80 |    55 |     6 ||   141
       Animal skin       |     4 |       |       ||     4
Dodge: Dodged            |    22 |    26 |     2 ||    50
Block: Kite shield       |    40 |    27 |     4 ||    71
